 Dungeon Crawl Stone Soup version 0.24-a0-57-gac335f2 (webtiles) character file.

Game seed: 8984722025676816867

333 galech the Chopper (level 6, -4/47 HPs)
             Began as a Demonspawn Fighter on Feb 4, 2019.
             Slain by a slave (6 damage)
             ... led by Pikel
             ... on level 4 of the Dungeon.
             The game lasted 00:02:59 (2940 turns).

galech the Chopper (Demonspawn Fighter)             Turns: 2940, Time: 00:02:59

Health: -4/47      AC: 15    Str: 17    XL:     6   Next: 27%
Magic:  6/6        EV:  2    Int:  9    God:
Gold:   251        SH:  9    Dex: 14    Spells: 5/5 levels left

rFire    + . .     SeeInvis .   a - +0 war axe
rCold    . . .     Gourm    .   c - +0 shield
rNeg     . . .     Faith    .   g - +0 plate armour
rPois    .         Spirit   .   p - +0 helmet
rElec    .         Reflect  .   x - +0 cloak
rCorr    .         Harm     .   v - +0 pair of gloves
MR       .....                  (no boots)
Stlth    ..........             (no amulet)
HPRegen  0.15/turn              s - ring of wizardry
MPRegen  0.10/turn              o - ring of protection from fire

@: no status effects
A: hooves 1, spiny 2
a: no special abilities


You were on level 4 of the Dungeon.
You were not hungry.

You visited 1 branch of the dungeon, and saw 4 of its levels.

You collected 251 gold pieces.

Inventory:

Hand Weapons
 a - a +0 war axe (weapon)
Armour
 c - a +0 shield (worn)
 g - a +0 plate armour (worn)
 p - a +0 helmet (worn)
 v - a +0 pair of gloves (worn)
 x - a +0 cloak (worn)
Jewellery
 o - a ring of protection from fire (right hand)
 s - a ring of wizardry (left hand)
Scrolls
 b - a scroll of enchant weapon {unknown}
 h - 3 scrolls of remove curse {unknown}
 i - a scroll of enchant armour {unknown}
 k - a scroll of blinking {unknown}
 l - 2 scrolls of magic mapping {unknown}
 q - 4 scrolls of identify {unknown}
 r - 2 scrolls of teleportation {unknown}
 t - 2 scrolls of immolation {unknown}
Potions
 d - a potion of might
 e - a potion of curing {unknown}
 j - 2 potions of magic {unknown}
 m - a potion of degeneration {unknown}
 n - a potion of heal wounds {unknown}
 u - a potion of haste {unknown}
 w - 2 potions of berserk rage {unknown}
Comestibles
 f - 6 rations
 z - 5 chunks of flesh


   Skills:
 + Level 3.6 Fighting
 + Level 4.5 Axes
 + Level 3.5 Armour
 + Level 3.8 Shields


You had 5 spell levels left.
You didn't know any spells.
Your spell library contained the following spells:

 Spells                   Type           Power        Failure   Level  Hunger
 Confusing Touch          Hex            #.....       100%        1    ##.....
 Confuse                  Hex            #.......     100%        3    ####...
 Gell's Gravitas          Tloc           #.........   100%        3    ####...
 Petrify                  Tmut/Erth      #.......     100%        4    #####..
 Metabolic Englaciation   Hex/Ice        #.........   100%        5    ######.
 Yara's Violent Unravell  Hex/Tmut       #.........   100%        5    ######.


Dungeon Overview and Level Annotations

Branches:
Dungeon (4/15)
 Temple: D:4-7

Altars:
Ashenzari
Xom

Annotations:
D:4 Pikel


Innate Abilities, Weirdness & Mutations

You have large cloven feet.
You are mostly covered in sharp spines.


Message History

The slave is severely wounded.
You hit Pikel. You miss the slave. You hit the slave.
You closely miss the phantom. The phantom is struck by your spines.
The phantom barely misses you. Pikel is struck by your spines.
Pikel hits you with a +2 whip of freezing!
Pikel freezes you. The slave is struck by your spines. The slave hits you.
* * * LOW HITPOINT WARNING * * *
You block the slave's attack. x2; You block the phantom's attack.
Pikel is struck by your spines.
Pikel hits you with a +2 whip of freezing.
* * * LOW HITPOINT WARNING * * *
Pikel freezes you.
* * * LOW HITPOINT WARNING * * *
Unknown command.
The slave hits you!
* * * LOW HITPOINT WARNING * * *
You block the phantom's attack.
There is an escape hatch in the ceiling, spattered with blood here.
The slave hits you.
You die...

#...... .### #......
..... .. #......
#....##### #. ####'##
.........#### #. #.#
.........+..# #.#####.#
........K##.####....##.#
#ppp(...>.....'..#
#W@...........##.#
#...#.#####...##.#
#...#.#.###...##.#
#...#.........##+##
#...###.###.##.....
##### #.# #.##.....
#.###.##.....
#.....##.....
#.########'##


You could see Pikel, a phantom and 3 slaves.

Vanquished Creatures
  A slave (D:4)
  A scorpion (D:4)
  A hound (D:4)
  A gnoll shaman (D:4)
  Terence (D:2)
  5 gnolls (D:4)
  4 adders
  An ooze (D:2)
  7 worms
  3 dart slugs
  10 orcs
  5 bats
  8 goblins
  8 hobgoblins
  6 jackals
  8 kobolds
  2 quokkas
  7 frilled lizards
  5 rats
84 creatures vanquished.

Notes
Turn   | Place    | Note
-------+----------+-------------------------------------------
     0 | D:1      | galech the Demonspawn Fighter began the quest for the Orb.
     0 | D:1      | Reached XP level 1. HP: 18/18 MP: 1/1
   155 | D:1      | Gained mutation: You are partially covered in sharp spines.
                  | [demonic ancestry]
   155 | D:1      | Reached XP level 2. HP: 18/24 MP: 2/2
   218 | D:1      | Reached skill level 2 in Axes
   619 | D:1      | Reached XP level 3. HP: 27/29 MP: 3/3
  1488 | D:2      | Found a shimmering altar of Xom.
  1505 | D:2      | Noticed Terence
  1514 | D:2      | Killed Terence
  1514 | D:2      | Gained mutation: You are mostly covered in sharp spines.
                  | [demonic ancestry]
  1514 | D:2      | Reached XP level 4. HP: 31/35 MP: 4/4
  1646 | D:2      | Reached skill level 3 in Axes
  2163 | D:3      | Found a shattered altar of Ashenzari.
  2240 | D:3      | Gained mutation: You have large cloven feet. [demonic
                  | ancestry]
  2240 | D:3      | Reached XP level 5. HP: 41/41 MP: 5/5
  2818 | D:4      | Reached skill level 4 in Axes
  2835 | D:4      | Reached XP level 6. HP: 43/47 MP: 6/6
  2922 | D:4      | Noticed a slave
  2923 | D:4      | Noticed a slave
  2924 | D:4      | Noticed a slave
  2925 | D:4      | Noticed Pikel
  2925 | D:4      | Noticed a slave
  2936 | D:4      | Killed a slave
  2939 | D:4      | HP: 2/47 [slave[Pikel] (7)]
  2940 | D:4      | Slain by a slave

Vault maps used:
D:1:      minmay_arrival_loop
D:2:      xom_teletrap_fun, uniq_terence
D:3:      evilmike_ruin_ashenzari
D:4:      first_ration, uniq_pikel

Skill      XL: |  1  2  3  4  5 |
---------------+----------------+-----
Armour         | 3 |  3.5
Axes           | 2 3 4 |  4.5
Shields        | 3 |  3.8
Fighting       | |  3.6

Action                   |  1- 3 |  4- 6 || total
-------------------------+-------+-------++-------
Melee: War axe           |   103 |   128 ||   231
       Kick              |       |    22 ||    22
  Eat: Chunk             |     2 |     5 ||     7
Armor: Plate armour      |    53 |    93 ||   146
Dodge: Dodged            |     8 |    10 ||    18
Block: Shield            |    42 |    78 ||   120

Table legend:
 A = Non-vault XP
 B = Vault XP
 C = Vault XP percentage of total XP
 D = Non-vault monster count
 E = Vault monster count
 F = Vault count percentage of total count
                 A         B        C        D         E       F
            +---------+---------+-------+---------+---------+-------
      Total |     444 |      32 |   6.7 |      82 |       1 |   1.2
            +---------+---------+-------+---------+---------+-------
        D:1 |      51 |       0 |   0.0 |      26 |       0 |   0.0
        D:2 |      73 |      32 |  30.5 |      21 |       1 |   4.5
        D:3 |      66 |       0 |   0.0 |      20 |       0 |   0.0
        D:4 |     254 |       0 |   0.0 |      15 |       0 |   0.0
            +---------+---------+-------+---------+---------+-------
